AoeStats
← 老雞白

Arena

510104727Analyzed
4v4 RM · 3d ago on Sep 29, 2026· 46m 55s· 8 players
Game mode
Random Map
Map size
Large (8 player)
Population
200
Speed
Normal
Resources
Standard
Victory
Conquest
Starting age
Dark Age
Ending age
Imperial Age
RankedLock teamsTeams togetherTeam positionsShared explorationLock speedFull tech treeHidden civsTurbo modeCheats
Victory
Defeat
🇹🇼 Italians · Taiwan
1225
+7
🇹🇼 Gurjaras · Taiwan
1113
+11
🇹🇼 Bohemians · Taiwan
1057
+13
🇹🇼 Hindustanis · Taiwan
936
+18
🇨🇳 Khmer · China
1087
-16
🇨🇦 Koreans · Canada
1049
-14
🇦🇷 Byzantines · Argentina
955
-11
🇹🇷 Wei · Türkiye
892
-8
jacky
12:17 Feudal Age
16:35 Castle Age
18:44 Double-Bit Axe
18:44 Horse Collar
20:05 Gold Mining
24:45 Imperial Age
23:47 Gold Shaft Mining
23:53 Bow Saw
29:43 Bow Saw
37:28 Forging
37:19 Scale Mail Armor
37:09 Fletching
37:13 Pikeman
39:10 Squires
39:52 Heavy Plow
39:54 Loom
41:05 Halberdier
Bobandy
7:56 Loom
10:18 Feudal Age
15:38 Castle Age
16:21 Double-Bit Axe
24:42 Gold Mining
26:24 Bow Saw
32:45 Imperial Age
30:53 Wheelbarrow
31:15 Fletching
33:29 Bodkin Arrow
36:05 Conscription
36:05 Scale Barding Armor
36:03 Scale Mail Armor
36:13 Forging
35:32 Pikeman
36:29 Halberdier
37:28 Chain Mail Armor
38:32 Hand Cart
38:43 Bracer
39:15 Plate Mail Armor
39:20 Iron Casting
41:08 Iron Casting
doktoryigitck
2:16 Loom
12:06 Feudal Age
13:01 Double-Bit Axe
13:43 Horse Collar
14:22 Stone Mining
17:56 Castle Age
16:53 Gold Mining
17:17 Town Watch
19:04 Bow Saw
20:37 Town Patrol
22:46 Heavy Plow
24:38 Fervor
25:53 Wheelbarrow
26:45 Pikeman
29:47 Forging
33:11 Hand Cart
34:30 Gold Shaft Mining
34:31 Stone Shaft Mining
35:06 Squires
40:13 Scale Mail Armor
DEEPSKY
11:43 Feudal Age
14:48 Castle Age
12:55 Double-Bit Axe
13:20 Horse Collar
16:07 Wheelbarrow
16:04 Bow Saw
22:26 Light Cavalry
26:18 Forging
26:13 Scale Barding Armor
26:05 Gold Mining
30:15 Imperial Age
28:53 Iron Casting
28:38 Chain Barding Armor
28:39 Bloodlines
28:29 Husbandry
31:38 Plate Barding Armor
32:04 Blast Furnace
30:54 Fletching
31:05 Padded Archer Armor
32:07 Conscription
32:43 Tusk Swords
32:11 Elite Battle Elephant
33:39 Elite Skirmisher
34:21 Scale Mail Armor
34:34 Pikeman
35:00 Arson
36:17 Bodkin Arrow
36:37 Leather Archer Armor
36:39 Chain Mail Armor
36:26 Halberdier
39:58 Chemistry
39:19 Ballistics
39:02 Bracer
39:32 Ring Archer Armor
44:55 Hussar
老雞白
10:41 Feudal Age
12:22 Double-Bit Axe
14:51 Castle Age
13:14 Horse Collar
14:43 Stone Mining
16:04 Bow Saw
16:28 Heavy Plow
24:41 Wheelbarrow
24:14 Loom
28:02 Imperial Age
26:00 Fletching
26:32 Hand Cart
26:37 Bodkin Arrow
27:53 Padded Archer Armor
28:18 Ballistics
30:31 Chemistry
30:17 Elite Genoese Crossbowman
30:44 Light Cavalry
31:35 Bloodlines
32:59 Bracer
32:49 Town Watch
32:40 Elite Skirmisher
35:34 Two-Man Saw
38:04 Conscription
38:09 Silk Road
37:44 Treadmill Crane
38:15 Masonry
39:08 Caravan
39:49 Husbandry
39:56 Scale Barding Armor
40:07 Leather Archer Armor
40:02 Thumb Ring
41:31 Coinage
43:21 Chain Barding Armor
43:11 Forging
43:33 Ring Archer Armor
44:14 Banking
43:54 Guilds
47:04 Plate Barding Armor
47:04 Iron Casting
GG豪大
10:44 Feudal Age
14:51 Castle Age
13:06 Double-Bit Axe
13:21 Horse Collar
16:22 Bow Saw
19:54 Loom
20:34 Gold Mining
23:15 Wheelbarrow
24:41 Gold Shaft Mining
24:55 Hand Cart
28:09 Imperial Age
25:57 Scale Barding Armor
26:04 Stone Mining
26:16 Heavy Plow
27:42 Chain Barding Armor
27:33 Forging
27:42 Bloodlines
27:32 Husbandry
28:22 Heavy Camel Rider
31:24 Plate Barding Armor
31:25 Iron Casting
30:44 Imperial Camel Rider
32:39 Conscription
33:44 Stone Shaft Mining
35:49 Elite Ghulam
38:10 Caravan
38:41 Coinage
38:30 Grand Trunk Road
39:39 Blast Furnace
38:41 Scale Mail Armor
43:41 Banking
44:38 Two-Man Saw
小蝦米跟大鯨魚
11:50 Feudal Age
15:57 Castle Age
14:16 Double-Bit Axe
14:27 Gold Mining
14:45 Horse Collar
20:22 Heavy Plow
23:15 Stone Mining
25:48 Wheelbarrow
25:28 Bow Saw
26:54 Hand Cart
31:09 Imperial Age
28:59 Forging
28:54 Scale Barding Armor
29:53 Bloodlines
29:21 Light Cavalry
30:45 Iron Casting
30:26 Husbandry
31:24 Kshatriyas
31:49 Chain Barding Armor
31:23 Heavy Camel Rider
33:40 Conscription
35:31 Frontier Guards
38:19 Hussar
38:25 Elite Chakram Thrower
43:32 Scale Mail Armor
43:51 Fletching
45:07 Chain Mail Armor
世紀垃圾
10:48 Feudal Age
14:32 Castle Age
13:04 Double-Bit Axe
13:09 Loom
14:12 Horse Collar
15:33 Bow Saw
20:00 Redemption
21:09 Fletching
30:54 Imperial Age
30:39 Scale Mail Armor
30:49 Forging
32:21 Wheelbarrow
31:33 Pikeman
32:18 Halberdier
33:16 Chain Mail Armor
44:42 Hand Cart
46:30 Chemistry
46:40 Heavy Plow
Connection lost

Rejoining the realm…

Still unreachable

The connection could not be restored.

Session expired

The server has moved on; the page needs a fresh start.